 Dungeon Crawl Stone Soup version 0.31.0-9-g3a7656b989 (webtiles) character file.

Game seed: 17121906408241935126

7627 Kallu the Toxicologist (level 10, -3/63 HPs)
             Began as a Vampire Alchemist on Feb 6, 2024.
             Was an Initiate of Sif Muna.
             Slain by a warg (12 damage)
             ... on level 9 of the Dungeon.
             The game lasted 00:23:18 (7997 turns).

Kallu the Toxicologist (Vampire Alchemist)          Turns: 7997, Time: 00:23:21

Health: -3/63      AC: 11    Str:  7    XL:     10   Next: 98%
Magic:  14/14      EV: 13    Int: 22    God:    Sif Muna [......]
Gold:   416        SH:  0    Dex: 15    Spells: 5/15 levels left

rFire   . . .        a - +4 scimitar (flame)
rCold   + + .        (no shield)
rNeg    + + +        y - +0 troll leather armour
rPois   ∞            m - +2 hat
rElec   .            O - +0 cloak
rCorr   .            f - +0 pair of gloves
SInv    +            (no boots)
Will    +....        l - amulet of magic regeneration
Stlth   ++++         H - ring of flight
HPRegen 0.00/turn    L - +4 ring of protection
MPRegen 0.54/turn

%: no passive effects
@: flying, bloodless, inhibited regen
A: bloodless, fangs 3, see invisible, vampiric 2
a: Bat Form, Revivify, Renounce Religion


You were on level 9 of the Dungeon.
You worshipped Sif Muna.
Sif Muna was noncommittal.
You visited 2 branches of the dungeon, and saw 10 of its levels.
You also visited: Ossuary.

You collected 491 gold pieces.
You spent 75 gold pieces at shops.

Inventory:

Hand Weapons
 a - a +4 scimitar of flaming (weapon)
Missiles
 q - 4 throwing nets
 M - 2 poisoned darts
Armour
 f - a +0 pair of gloves (worn)
 m - a +2 hat (worn)
 y - a +0 troll leather armour (worn)
 O - a +0 cloak (worn)
Magical Staves
 K - a staff of alchemy
Jewellery
 h - a ring of protection from cold
 l - an amulet of magic regeneration (around neck)
 A - a ring of fire
 H - a ring of flight (left hand)
 J - an amulet of reflection
 L - a +4 ring of protection (right hand)
Talismans
 v - a flux talisman
Wands
 b - a wand of mindburst (11)
 s - a wand of iceblast (22)
 w - a wand of polymorph (5)
 N - a wand of charming (6)
Scrolls
 g - 5 scrolls of teleportation
 j - 3 scrolls of poison
 k - 2 scrolls of enchant armour
 o - 3 scrolls of immolation {unknown}
 p - 4 scrolls of blinking {unknown}
 r - 2 scrolls of amnesia {unknown}
 t - 2 scrolls of enchant weapon {unknown}
 u - a scroll of fear {unknown}
 B - a scroll of fog {unknown}
 F - 2 scrolls of revelation
 P - a scroll of noise {unknown}
Potions
 c - 4 potions of haste
 d - 2 potions of magic
 e - 2 potions of might {unknown}
 i - 2 potions of heal wounds
 n - 2 potions of curing {unknown}
 x - 4 potions of degeneration {unknown}
 z - 2 potions of brilliance {unknown}
 C - a potion of berserk rage {unknown}
 D - a potion of ambrosia {unknown}
 E - 2 potions of mutation
 G - a potion of attraction {unknown}
 I - a potion of lignification {unknown}


   Skills:
 - Level 7.0 Fighting
 + Level 4.7 Long Blades
 + Level 4.9 Dodging
 - Level 3.0 Stealth
 - Level 3.0 Spellcasting
 - Level 1.0 Conjurations
 - Level 2.0 Necromancy
 - Level 3.0 Fire Magic
 - Level 6.0 Air Magic
 - Level 11.0 Alchemy
 - Level 5.0 Evocations


You had 5 spell levels left.
You knew the following spells:

 Your Spells              Type           Power      Damage    Failure   Level
a - Sting                 Conj/Alch      100%       1d9       1%          1
b - Mercury Vapours       Alch/Air       80%        N/A       1%          2
c - Mephitic Cloud        Conj/Alch/Air  29%        N/A       4%          3
d - Sticky Flame          Fire/Alch      34%        2d7       11%         4

Your spell library contained the following spells:

 Spells                   Type           Power      Damage    Failure   Level
 Olgreb's Toxic Radiance  Alch           51%        N/A       1%          4
 Static Discharge         Conj/Air       36%        3-5/arc   7%          2
 Necrotise                Necr           48%        1d6       9%          1
 Airstrike                Air            14%        2d(3-19)  16%         4
 Apportation              Tloc           6%         N/A       19%         1
 Summon Small Mammal      Summ           12%        N/A       19%         1
 Inner Flame              Hex/Fire       9%         N/A       30%         3
 Summon Lightning Spire   Summ/Air       16%        N/A       47%         4
 Flame Wave               Conj/Fire      12%        2d6       63%         4


Dungeon Overview and Level Annotations

Branches:
Dungeon (9/15)             Temple (1/1) D:4            Lair (0/5) D:9
Ossuary (visited)
    Orc: D:9-12

Altars:
Ashenzari
Cheibriados
Dithmenos
Fedhas
Gozag
Hepliaklqana
Nemelex Xobeh
Ru
Sif Muna
Trog
Uskayaw
Vehumet
Wu Jian
Xom
Yredelemnul
Lugonu

Shops:
D:2 !   D:5 !


Innate Abilities, Weirdness & Mutations

You do not regenerate when monsters are visible.
You are frail without blood (-20% HP).
You can heal yourself when you bite living creatures.
You are immune to poison.
You have razor-sharp teeth.
You have supernaturally acute eyesight. (SInv)
You are afflicted with vampirism and can become a bat while bloodless.


Message History

The yak is severely wounded.
The yak gores you. The yak gores you but does no damage.
You slash the yak! You burn the yak.
You kill the yak!
Sif Muna accepts your kill.
You see here a yak corpse.
You start resting.
Magic restored.
HP restored.
d - 2 potions of magic (gained 1)
You now have 416 gold pieces (gained 15).
P - a scroll labelled MEFUFIROAN A wolf comes into view.
A warg comes into view.
The warg howls!
You closely miss the wolf. The wolf bites you.
A wolf comes into view.
The wolf completely misses you.
The wolf howls!
You hit the wolf. You burn the wolf. Your bite misses the wolf.
The wolf is moderately wounded.
The wolf bites you. The wolf bites you but does no damage.
You slash the wolf! You burn the wolf. Your bite misses the wolf.
The wolf is almost dead.
The wolf bites you but does no damage.
You slash the warg! You burn the warg. You bite the warg, but do no damage.
The warg is moderately wounded.
The warg misses you.
You closely miss the warg.
The warg is moderately wounded.
The warg bites you!
You barely miss the warg. You bite the warg, but do no damage.
The warg is moderately wounded.
The warg closely misses you. The warg bites you!!
You closely miss the warg.
The warg is moderately wounded.
The warg bites you!
* * * LOW HITPOINT WARNING * * *
A bullfrog comes into view.
The warg bites you!
You die...

.......# ..P.P.P.♣....'........#
................P..♣..#........#
.......#.....P.......##........#
.......####...P...P.###........#
.......# ###....P### #.>......#
.......# ##....# ##S#######
#.###### ##..## #...).## #..
##.# #####..# #. #@# ##.# #h#
######'###


hh. #.......## ..... #.......## .......# #.......## ........#. #.......#.
#........##.#...)...#. #.......F##.'....)).'. ###..>....## You could see a warg,
2 wolves and a bullfrog (wandering).

Vanquished Creatures
  Erica (D:8)
  A two-headed ogre (D:9)
  Pikel (D:8)
  Maurice (D:9)
  Joseph (D:8)
  Jeremiah (D:8)
  A troll (D:6)
  A wraith (D:9)
  A wyvern (D:9)
  A basilisk (D:9)
  4 yaks (D:9)
  A water moccasin (D:9)
  2 orc warriors
  An ice beast (D:5)
  2 black bears (D:5)
  3 sky beasts
  4 centaurs
  2 ogres
  A lemure (D:8)
  8 scorpions
  4 bullfrogs (D:8)
  6 wights
  5 killer bees (D:9)
  2 howler monkeys (D:9)
  A bombardier beetle (D:5)
  A hound (D:7)
  A jelly (D:5)
  3 centaur zombies (Ossuary)
  A gnoll bouda (D:7)
  3 human zombies (Ossuary)
  5 orc priests
  2 sleepcaps
  Jessica (D:2)
  2 iguanas
  4 scorpion zombies (Ossuary)
  8 orc wizards
  3 mummies (Ossuary)
  9 gnolls
  6 adders
  A shadow imp (D:7)
  A white imp (D:6)
  An adder zombie (Ossuary)
  3 dart slugs
  2 ribbon worms
  37 orcs
  5 endoplasms
  3 giant cockroaches
  A gnoll zombie (Ossuary)
  7 goblins
  8 hobgoblins
  5 jackals (D:2)
  3 quokkas
  2 ball pythons
  A ball python zombie (Ossuary)
  2 bats
  3 frilled lizards
  2 jackal zombies (Ossuary)
  8 kobolds
  An orc zombie (Ossuary)
  4 rats
205 creatures vanquished.

Notes
Turn   | Place    | Note
-------+----------+-------------------------------------------
     0 | D:1      | Kallu the Vampire Alchemist began the quest for the Orb.
     0 | D:1      | Reached XP level 1. HP: 13/13 MP: 3/3
   320 | D:1      | You fall into a shaft and drop 1 floor!
   384 | D:2      | Reached XP level 2. HP: 13/19 MP: 0/5
   466 | D:2      | Learned a level 2 spell: Mercury Vapours
   792 | D:2      | Found Demurim's Distillery.
   838 | D:2      | Noticed Jessica
   853 | D:2      | Killed Jessica
   854 | D:2      | Reached skill level 1 in Necromancy
   854 | D:2      | Reached skill level 4 in Alchemy
   854 | D:2      | Gained mutation: You are afflicted with vampirism and can
                  | become a bat while bloodless. [Vampire growth]
   854 | D:2      | Reached XP level 3. HP: 19/24 MP: 1/7
   858 | D:2      | Learned a level 3 spell: Mephitic Cloud
  1511 | D:3      | Reached XP level 4. HP: 29/30 MP: 6/8
  1978 | D:4      | Found a staircase to the Ecumenical Temple.
  1996 | Temple   | Entered the Ecumenical Temple
  2026 | D:4      | Noticed a phantom
  2060 | D:4      | Found a radiant altar of Vehumet.
  2102 | D:4      | Found a blossoming altar of Fedhas.
  2185 | D:4      | Reached skill level 5 in Alchemy
  2258 | D:4      | Reached skill level 1 in Fighting
  2258 | D:4      | Reached XP level 5. HP: 25/29 MP: 9/9
  2402 | D:5      | Entered Level 5 of the Dungeon
  2412 | D:5      | Noticed a black bear
  2423 | D:5      | Killed a black bear
  2450 | D:5      | Noticed a black bear
  2459 | D:5      | Killed a black bear
  2460 | D:5      | Reached XP level 6. HP: 13/38 MP: 4/10
  2564 | D:5      | Found Qunkeshre's Distillery.
  2572 | D:5      | Bought a potion of heal wounds for 75 gold pieces
  2684 | D:5      | Noticed an ice beast
  2700 | D:5      | Killed an ice beast
  2764 | D:5      | Reached XP level 7. HP: 29/43 MP: 6/11
  2962 | D:5      | Reached skill level 1 in Conjurations
  2962 | D:5      | Reached skill level 1 in Air Magic
  3345 | D:5      | Reached skill level 6 in Alchemy
  3501 | D:5      | Reached skill level 7 in Alchemy
  3763 | D:5      | Found a sacrificial altar of Ru.
  3837 | D:6      | Noticed a troll
  3854 | D:6      | Killed a troll
  3855 | D:6      | Reached skill level 5 in Fighting
  3855 | D:6      | Reached XP level 8. HP: 50/50 MP: 2/12
  4074 | D:6      | Identified the +3 hat of Lotseop {Fly rF- Int+2 Dex+4}
  4646 | D:7      | Learned a level 4 spell: Sticky Flame
  4796 | D:7      | Reached skill level 1 in Fire Magic
  4848 | D:7      | Found a sand-covered staircase.
  4857 | Ossuary  | Entered an ossuary
  4967 | Ossuary  | Reached skill level 8 in Alchemy
  5075 | Ossuary  | Reached skill level 9 in Alchemy
  5075 | Ossuary  | Reached XP level 9. HP: 39/56 MP: 13/13
  5128 | Ossuary  | Reached skill level 1 in Long Blades
  5612 | D:7      | Found a broken altar of Ashenzari.
  6109 | D:8      | Noticed Jeremiah
  6132 | D:8      | Killed Jeremiah
  6247 | D:8      | Noticed Pikel
  6264 | D:8      | Killed Pikel
  6578 | D:8      | Noticed Erica
  6594 | D:8      | Killed Erica
  6595 | D:8      | Reached XP level 10. HP: 63/63 MP: 8/14
  6709 | D:8      | Found an ornate altar of the Wu Jian Council.
  6718 | D:8      | Found a shimmering blue altar of Sif Muna.
  6723 | D:8      | Became a worshipper of Sif Muna the Loreminder
  6843 | D:8      | Noticed Joseph
  6850 | D:8      | Killed Joseph
  6851 | D:8      | Reached skill level 10 in Alchemy
  7270 | D:9      | Reached skill level 1 in Evocations
  7279 | D:9      | Noticed a two-headed ogre
  7297 | D:9      | Killed a two-headed ogre
  7597 | D:9      | Reached skill level 11 in Alchemy
  7662 | D:9      | Found a staircase to the Lair.
  7786 | D:9      | Noticed Maurice
  7797 | D:9      | Killed Maurice
  7836 | D:9      | Found a snail-covered altar of Cheibriados.
  7875 | D:9      | Reached skill level 5 in Evocations
  7997 | D:9      | Slain by a warg

Illustrated notes

Levels and vault maps discovered:
D:1:      shiori_angband_town, layout_basic
D:2:      layout_basic, serial_shops, nicolae_lakefront_shop,
          hangedman_glass_teeth, st_stairs_8, uniq_jessica
D:3:      layout_basic
D:4:      layout_rooms, mainiacjoe_overflow_catwalk, fedhas_altar_2,
          minmay_temple_entry_mini_moons
D:5:      layout_loops_ring, mainiacjoe_overflow_alcove_4, serial_shops, shop,
          minmay_pentangle
D:6:      layout_basic
D:7:      corexii_shack_village, layout_gridville, good_gods_mini_temple,
          ashenzari_conservatory_becter, mainiacjoe_ossuary_entry_dusty_tomb
D:8:      layout_basic, mainiacjoe_overflow_big_doors, uniq_joseph,
          uniq_jeremiah, uniq_erica, uniq_pikel
D:9:      layout_roguey, chequers_temple_overflow_minitemple,
          overflow_temple_1_default, minmay_lair_entry_grove,
          minmay_orc_entry_guard_dogs, eino_jars, uniq_maurice
Temple:   corrupted_temple

Skill      XL: |  1  2  3  4  5  6  7  8  9 10 |
---------------+-------------------------------+-----
Spellcasting   | 3 |  3.0
Necromancy     | 1 2 |  2.0
Alchemy        | 4 5 7 9 11 | 11.0
Fighting       | 1 3 4 5 6 7 |  7.0
Dodging        | 4 |  4.9
Conjurations   | 1 |  1.0
Air Magic      | 1 6 |  6.0
Fire Magic     | 2 3 |  3.0
Long Blades    | 4 |  4.7
Evocations     | 5 |  5.0
Stealth        | |  3.0

Action                     |  1- 3 |  4- 6 |  7- 9 | 10-12 || total
---------------------------+-------+-------+-------+-------++-------
  Melee: Whip              |    45 |    20 |       |       ||    65
         Unarmed           |     2 |       |       |       ||     2
         Bite              |     6 |     4 |    40 |    13 ||    63
         Staff             |       |    16 |    44 |       ||    60
         Punch             |       |       |     4 |     1 ||     5
         Long sword        |       |       |   212 |       ||   212
         Scimitar          |       |       |       |    80 ||    80
   Cast: Sting             |    27 |    74 |   153 |    14 ||   268
         Mephitic Cloud    |       |     4 |    18 |     5 ||    27
         Mercury Vapours   |       |     4 |    23 |    12 ||    39
         Sticky Flame      |       |       |     6 |     8 ||    14
Ability: Exsanguinate      |       |     1 |       |       ||     1
    Use: Scroll            |       |       |     5 |     2 ||     7
         Potion            |       |       |       |     1 ||     1
   Stab: Sleeping          |     3 |     3 |     7 |     5 ||    18
         Confused          |       |       |     3 |       ||     3
 Armour: Robe              |    32 |    50 |    35 |       ||   117
         Troll leather arm |       |       |   180 |   112 ||   292
  Dodge: Dodged            |    32 |    47 |   194 |    77 ||   350
